Unix NetHack Version 5.0.0-0 post-release - last build Jun 10 2026 00:39:30 (3ee93aec679c4c4259841fe613dc97188e26a321,branch:main).

Game began 2026-06-24 17:18:35, ended 2026-06-24 19:46:35.

Barrb, neutral female human Barbarian

       --------        #--------------------------------
       |......|        #|..............................|           -------
       |.......        #|.--|-----%.{.---------..-----.|           |.....|
       ----.---       ##|.|..|(.(|.---|..|....|..|%%.|.|           |.....|
           #           #|.|((|(((|.|..|..|....|..|!%.-.|           |.[...|
           ###         #|.|((|...|.-..|..|-|---.-.---|.|#          |.....|
             #         #|.----|---.----|--....(.-....|..####       |.....|
             ###      ##...................--|-.|....|.|#####))####......|
               #      ##|............{..--|-..|.|../.|.|#   ##     -------
               #   #### |.........--|--.|..|..|.|......|     ###
            ---|- ##   #|.........|...|.|..|..|.-----|.|       #
            |..@.#######|.-|----..|...|+-------..|.((|.|       ###
            |.(.| #     |.|....|..|...|    |.....|.((|.|         #
            |...-##     |.|....|.%|...|    |.....-.((|.|         #####---.---
            |...|       |.------..----------.....-----.|         ##%##-...<.|
            |...|       |.....................(........|              |.....|
            -----       --------------------------------              |.....|
                                                                      -------

Barrb the Bandit           St:18 Dx:18 Co:18 In:8 Wi:9 Ch:6  Neutral
Dlvl:7  $:0  HP:0(79) Pw:13(13) AC:2  Xp:7 T:5844  Satiated

Latest messages:
 The wand hits you!
 The wand hits it.
 The gnome misses!
 You climb up the stairs.
 Tjisolok zaps a wand of striking!
 The wand hits you!
 Tjisolok zaps a wand of striking!
 The wand misses you.
 What do you want to drink? [tMN or ?*] M
 You feel better.
 Tjisolok zaps a wand of striking!
 The wand misses you.
 Tjisolok swings his aklys.
 Tjisolok hits!
 Tjisolok swings his aklys.
 Tjisolok hits again!
 Are you sure you want to pray? [yn] (n) y
 You begin praying to Crom.
 You are surrounded by a shimmering light.
 Tjisolok starts to attack you, but pulls back.
 Tjisolok starts to attack you, but pulls back.
 Tjisolok starts to attack you, but pulls back.
 Tjisolok starts to attack you, but pulls back.
 You hear some noises in the distance.
 You finish your prayer.
 You feel that Crom is well-pleased.
 You feel much better.
 What do you want to zap? [ryDOQUW or ?*] r
 In what direction? 6
 The bolt of lightning hits Tjisolok!
 Tjisolok swings his aklys.
 Tjisolok hits!
 Tjisolok swings his aklys.
 Tjisolok hits again!
 Tjisolok swings his aklys.
 Tjisolok hits!
 Tjisolok swings his aklys.
 Tjisolok hits again!
 What do you want to zap? [ryDOQUW or ?*] r
 In what direction? <enter>
 The wand of lightning glows and fades.
 Tjisolok swings his aklys.
 Tjisolok hits!
 Tjisolok swings his aklys.
 Tjisolok hits again!
 Tjisolok swings his aklys.
 Tjisolok hits!
 You die...
 Tjisolok takes all your possessions.
 Do you want to see what you had when you died? [ynq] (y) q

Inventory:
 Amulets  ('"')
  B - an uncursed amulet of magical breathing
 Weapons  (')')
  G - 13 blessed +0 darts
  F - 59 +0 darts (at the ready)
  a - a +0 battle-axe (weapon in hands)
  b - a +0 short sword (alternate weapon; not wielded)
 Armor    ('[')
  E - an uncursed +0 dwarvish iron helm
  u - an uncursed +0 helmet (being worn)
  T - an uncursed +0 pair of gauntlets of dexterity (being worn)
  z - an uncursed +0 pair of water walking boots (being worn)
  Y - an uncursed +0 dwarvish cloak (being worn)
  P - an uncursed +0 elven mithril-coat (being worn)
 Comestibles  ('%')
  k - 4 uncursed slime molds
  d - an uncursed carrot
  v - 3 uncursed tripe rations
 Scrolls  ('?')
  g - an uncursed scroll of confuse monster
  w - 2 uncursed scrolls of create monster
  j - 2 cursed scrolls of identify
  p - an uncursed scroll of teleportation
 Potions  ('!')
  N - an uncursed potion of paralysis
  t - 2 uncursed potions of water
 Rings    ('=')
  X - an uncursed ring of free action (on right hand)
 Wands    ('/')
  U - a wand of cold (0:4)
  O - a wand of digging (0:2)
  y - a wand of lightning (0:7)
  r - a wand of lightning (0:2)
  Q - a wand of magic missile (0:5)
  D - a wand of speed monster (0:4)
  W - a wand of striking (0:4)
 Tools    ('(')
  J - an uncursed sack containing 20 items
  H - a cursed blindfold
  V - an uncursed credit card
  c - a blessed magic lamp
  L - a cursed magic marker (0:21)
 Gems/Stones  ('*')
  e - an uncursed amethyst stone
  i - 5 uncursed worthless pieces of red glass

Contents of the sack:
  177 gold pieces
  an uncursed tripe ration
  a blessed scroll of blank paper
  3 uncursed scrolls of blank paper
  an uncursed scroll of destroy armor
  an uncursed scroll of enchant armor
  an uncursed scroll of enchant weapon
  a cursed scroll of enchant weapon
  a blessed scroll of identify
  2 uncursed scrolls of identify
  a cursed scroll of identify
  a blessed scroll of magic mapping
  an uncursed scroll of magic mapping
  a blessed potion of booze
  3 uncursed worthless pieces of black glass
  2 uncursed worthless pieces of green glass
  2 uncursed jasper stones
  2 uncursed worthless pieces of white glass
  2 uncursed citrine stones
  an uncursed worthless piece of yellow glass

Barrb the Barbarian's attributes:

Background:
 You were a Bandit, a level 7 female human Barbarian.
 You were neutral, on a mission for Crom
 who was opposed by Mitra (lawful) and Set (chaotic).
 You were right-handed.
 You were in the Gnomish Mines, on level 7.
 You entered the dungeon 5844 turns ago.
 You had 1203 experience points, 77 more were needed to attain level 8.

Basics:
 You had 0 out of 79 hit points.
 You had all 13 energy points (spell power).
 Your armor class was 2.
 Your wallet was empty, but
 you had 177 zorkmids stashed away in your pack.
 Autopickup was off.

Final Characteristics:
 Your strength was 18 (limit:18/100).
 Your dexterity was 18 (limit:18).
 Your constitution was 18 (limit:18).
 Your intelligence was 8 (limit:18).
 Your wisdom was 9 (limit:18).
 Your charisma was 6 (limit:18).

Final Status:
 You were satiated.
 You were unencumbered.
 You were wielding an axe.
 You were skilled in axe.

Final Attributes:
 You were piously aligned.
 Your items were somewhat protected from fire.
 Your items were somewhat protected from cold.
 You were poison resistant.
 You could walk on water.
 You were guarded.
 You were fast.
 You had free action.
 You are dead.

Miscellaneous:
 You encountered 1 bones level.
 Total elapsed playing time was 1 hour, 25 minutes and 27 seconds.

Major events:
 Turn
    1: Barrb the neutral female human Barbarian entered the dungeon
 1084: attained the rank of Pillager (level 3)
 3159: entered the Gnomish Mines
 4054: attained the rank of Bandit (level 6)
 4693: reached Mine Town
 5844: killed by Mr. Tjisolok; the shopkeeper

You didn't know any spells.

Skills:
 Fighting Skills
   bare handed combat [Basic]
   two weapon combat  [Unskilled]
   riding             [Unskilled]
 Weapon Skills
   dagger             [Unskilled]
   axe                [Skilled]
   pick-axe           [Unskilled]
   short sword        [Basic]
   broadsword         [Unskilled]
   long sword         [Unskilled]
   two-handed sword   [Unskilled]
   saber              [Unskilled]
   club               [Unskilled]
   mace               [Unskilled]
   morning star       [Unskilled]
   flail              [Unskilled]
   hammer             [Unskilled]
   quarterstaff       [Unskilled]
   spear              [Unskilled]
   trident            [Unskilled]
   bow                [Unskilled]
 Spellcasting Skills
   attack spells      [Unskilled]
   escape spells      [Unskilled]

Voluntary challenges:
 Character rerolling was not enabled.
 You never genocided any monsters.
 You never polymorphed an object.
 You used no wishes.
Achievements:
 You entered a shop.
 You attained the rank of Pillager.
 You entered the Gnomish Mines.
 You attained the rank of Bandit.
 You entered Minetown.
 You entered a temple.

 The Dungeons of Doom: levels 1 to 6
    Level 1:
       A fountain.
    Level 2:
       A food shop, a fountain, a grave.
    Level 3:
       A general store, a fountain.
    Level 4:
       Many altars.
       Stairs down to The Gnomish Mines.
    Level 5:
       A general store, a fountain.
    Level 6:
       An altar to Crom, some fountains.
 The Gnomish Mines: levels 5 to 8
    Level 5:
    Level 6:
       A grave.
       Final resting place for
          NoPanic-Wiz-Elf-Mal-Cha, killed by a dingo, while praying.
    Level 7: <- You were here.
       Many shops, a temple and an altar to Crom, some fountains.
       Final resting place for
          you, killed by Mr. Tjisolok; the shopkeeper.
    Level 8:


Vanquished creatures:
  a ghost
  3 small mimics
  2 wolves
  a leprechaun
  a gnome ruler
  a dingo
  a dog
  2 housecats
  a raven
  a bugbear
  8 Uruk-hai
 an orc shaman
  2 rock piercers
  2 rock moles
  2 yellow lights
  a shrieker
  6 gnome leaders
  2 gnomish wizards
  a gray ooze
  a ghoul
  a paper golem
  3 giant ants
  a floating eye
  6 dwarves
  2 kobold leaders
  a kobold shaman
  a giant bat
  2 monkeys
 an orc zombie
  a wererat
  6 iguanas
  a hobbit
  a hobgoblin
  4 giant rats
  a cave spider
  a brown mold
 19 gnomes
  2 garter snakes
  a gnome zombie
  3 geckos
  3 jackals
  a fox
  a kobold
  2 goblins
  a sewer rat
  4 grid bugs
  a bat
 10 lichens
  a kobold zombie
  7 newts
129 creatures vanquished.

No species were genocided or became extinct.

Game over:
                       ----------
                      /          \
                     /    REST    \
                    /      IN      \
                   /     PEACE      \
                  /                  \
                  |      Barrb       |
                  |      177 Au      |
                  |  killed by Mr.   |
                  |  Tjisolok; the   |
                  |    shopkeeper    |
                  |                  |
                  |       2026       |
                 *|     *  *  *      | *
        _________)/\\_//(\/(/\)/\//\/|_)_______

Goodbye Barrb the Barbarian...

You died in The Gnomish Mines on dungeon level 7 with 5432 points,
and 177 pieces of gold, after 5844 moves.
You were level 7 with a maximum of 79 hit points when you died.

